 Dungeon Crawl Stone Soup version 0.29-a0-838-g385bb11a5b (webtiles) character file.

Game seed: 11317273466717251378

254 avis the Chiller (level 5, -5/45 HPs)
             Began as a Demigod Ice Elementalist on July 13, 2022.
             Slain by a phantom (7 damage)
             ... on level 3 of the Dungeon.
             The game lasted 00:28:49 (4253 turns).

avis the Chiller (Demigod Ice Elementalist)         Turns: 4253, Time: 00:28:50

Health: -5/45      AC:  2    Str:  9    XL:     5   Next: 59%
Magic:  6/12       EV: 12    Int: 17    God:
Gold:   79         SH:  0    Dex: 18    Spells: 6/10 levels left

rFire   + . .      SeeInvis .   a - +0 dagger
rCold   . . .      Faith    .   (no shield)
rNeg    . . .      Spirit   .   f - +0 robe
rPois   .          Reflect  .   (no helmet)
rElec   .          Harm     .   (no cloak)
rCorr   .          Rampage  .   (no gloves)
Will    +....                   (no boots)
Stlth   ++........              (no amulet)
HPRegen 0.15/turn               c - ring of protection from fire
MPRegen 0.13/turn               w - ring of willpower

@: no status effects
A: high MP 1, forlorn, divine attributes
a: no special abilities


You were on level 3 of the Dungeon.
You visited 1 branch of the dungeon, and saw 4 of its levels.
You also visited: Sewer.

You collected 95 gold pieces.
You spent 16 gold pieces at shops.

Inventory:

Hand Weapons
 a - a +0 dagger (weapon)
 b - a +0 sling
 u - a +0 trident of distortion
Missiles
 i - 2 poisoned darts
 l - a throwing net
Armour
 f - a +0 robe (worn)
Magical Staves
 o - a staff of air
Jewellery
 c - a ring of protection from fire (left hand)
 q - a ring of resist corrosion
 w - a ring of willpower (right hand)
Scrolls
 d - 5 scrolls of identify {unknown}
 h - 2 scrolls of magic mapping {unknown}
 n - a scroll of noise {unknown}
 p - 4 scrolls of summoning {unknown}
 r - 2 scrolls of blinking {unknown}
 s - a scroll of enchant weapon {unknown}
 t - 2 scrolls of poison {unknown}
 x - 2 scrolls of silence {unknown}
 y - a scroll of fear {unknown}
Potions
 e - a potion of invisibility {unknown}
 g - 2 potions of attraction {unknown}
 j - 5 potions of curing {unknown}
 k - a potion of might {unknown}
 m - 2 potions of magic
 v - a potion of lignification {unknown}
 z - 2 potions of ambrosia {unknown}
 A - a potion of mutation {unknown}


   Skills:
 - Level 3.0 Fighting
 - Level 1.8 Dodging
 - Level 1.8 Stealth
 * Level 3.0 Spellcasting
 - Level 5.0 Ice Magic


You had 6 spell levels left.
You knew the following spells:

 Your Spells              Type           Power      Damage    Failure   Level
a - Freeze                Ice            76%        1d9       2%          1
o - Ozocubu's Armour      Ice            19%        N/A       7%          3

Your spell library contained the following spells:

 Spells                   Type           Power      Damage    Failure   Level
 Frozen Ramparts          Ice            38%        1d5       7%          3
 Static Discharge         Conj/Air       2%         3-4/arc   26%         2
 Hailstorm                Conj/Ice       11%        3d5       52%         4
 Lightning Bolt           Conj/Air       1%         1d12      99%         5
 Maxwell's Capacitive Co  Air            1%         ∞         100%        8


Dungeon Overview and Level Annotations

Branches:
Dungeon (4/15)              Sewer (visited)
 Temple: D:4-7

Shops:
D:2 (


Innate Abilities, Weirdness & Mutations

You have an increased reservoir of magic. (+10% MP)
You shall have no god before yourself.
Your divine heritage dramatically boosts your attributes as you level up.


Message History

Casting: Freeze (safe; 2% risk of failure)
Confirm with . or Enter, or press ? or * to list all spells.
Aiming: Freeze (safe; 2% risk of failure)
Press: ? - help, Shift-Dir - straight line, f/p - phantom
Aim: a phantom (moderately damaged)
You freeze the phantom but do no damage.
The phantom completely resists.
The phantom barely misses you.
Casting: Freeze (safe; 2% risk of failure)
Confirm with . or Enter, or press ? or * to list all spells.
Aiming: Freeze (safe; 2% risk of failure)
Press: ? - help, Shift-Dir - straight line, f/p - phantom
Aim: a phantom (moderately damaged)
You freeze the phantom.
The phantom resists.
The phantom is moderately damaged.
The phantom closely misses you.
Casting: Freeze (safe; 2% risk of failure)
Confirm with . or Enter, or press ? or * to list all spells.
Aiming: Freeze (safe; 2% risk of failure)
Press: ? - help, Shift-Dir - straight line, f/p - phantom
Aim: a phantom (moderately damaged)
You freeze the phantom but do no damage.
The phantom completely resists.
The phantom hits you.
* * * LOW HITPOINT WARNING * * *
The phantom blinks!
You blink.
Casting: Freeze (safe; 2% risk of failure)
Confirm with . or Enter, or press ? or * to list all spells.
Aiming: Freeze (safe; 2% risk of failure)
Press: ? - help, Shift-Dir - straight line, f/p - phantom
Aim: a phantom (moderately damaged)
You freeze the phantom but do no damage.
The phantom completely resists.
The phantom closely misses you.
Unknown command.
Casting: Freeze (safe; 2% risk of failure)
Confirm with . or Enter, or press ? or * to list all spells.
Aiming: Freeze (safe; 2% risk of failure)
Press: ? - help, Shift-Dir - straight line, f/p - phantom
Aim: a phantom (moderately damaged)
You freeze the phantom but do no damage.
The phantom completely resists.
The phantom hits you!
You die...

#...#..## ##.#..P.PP
#..#PP.P≈. ##.P.PPPP≈≈
####### ###P.PP≈♣≈≈P.
#.....###.≈.P♣≈≈≈PPP.
#.....P.PP≈≈♣≈≈P≈PP#.
#....W.P≈≈≈♣PP.P#.##.
#§..@≈≈≈≈≈≈♣≈P#....#.
#.....≈≈♣♣♣≈≈≈≈.##<..
#.....P≈≈♣≈♣≈P≈.###..
#...>≈≈P≈♣≈≈≈P..###..
#####.....PP≈≈≈≈≈♣≈.PPP.#
#.......).#PP.P≈♣♣♣♣≈≈≈..
#.#####.#.####P≈≈≈≈≈P♣≈≈P
#.# #.#...###.P≈≈PPP.≈≈
#.# ##.###)###..########


You could see a phantom.

Vanquished Creatures
  4 gnolls
  8 adders
  2 river rats (D:3)
  2 worms
  3 dart slugs
  6 orcs (D:3)
  11 ball pythons
  8 endoplasms
  3 giant cockroaches
  5 goblins
  7 hobgoblins
  9 jackals
  7 kobolds
  4 quokkas
  6 bats
  15 frilled lizards
  11 rats
111 creatures vanquished.

Vanquished Creatures (others)
  22 plants (D:3)
22 creatures vanquished.

Grand Total: 133 creatures vanquished

Notes
Turn   | Place    | Note
-------+----------+-------------------------------------------
     0 | D:1      | avis the Demigod Ice Elementalist began the quest for the
                  | Orb.
     0 | D:1      | Reached XP level 1. HP: 14/14 MP: 5/5
   177 | D:1      | Reached skill level 1 in Fighting
   311 | D:1      | Reached XP level 2. HP: 19/23 MP: 5/7
   564 | D:1      | Reached skill level 4 in Ice Magic
  1368 | D:1      | Reached XP level 3. HP: 29/29 MP: 6/8
  2166 | D:1      | Learned a level 3 spell: Ozocubu's Armour
  2570 | D:2      | Reached XP level 4. HP: 35/36 MP: 3/11
  2806 | D:2      | Found Ikhim's Weapon Shop.
  2817 | D:2      | Bought a +0 sling for 16 gold pieces
  3372 | D:3      | Reached XP level 5. HP: 26/41 MP: 2/12
  3526 | D:3      | Found a glowing drain.
  3551 | D:3      | Reached skill level 5 in Ice Magic
  3562 | Sewer    | Entered a sewer
  4229 | D:4      | Noticed an ogre
  4251 | D:3      | HP: 2/45 [phantom (4)]
  4253 | D:3      | Slain by a phantom

Illustrated notes

Levels and vault maps discovered:
D:1:      dpeg_arrival_brainrot, layout_loops_ring, serial_aquarium,
          aquarium_bridge_straight [aquarium_subvault_bridge,
          aquarium_subvault_wall, aquarium_subvault_bridge,
          aquarium_subvault_wall], aquarium_bridge_long_separate
          [aquarium_subvault_wall, aquarium_subvault_bridge,
          aquarium_subvault_bridge, aquarium_subvault_bridge,
          aquarium_subvault_wall, aquarium_subvault_bridge],
          aquarium_window_fake, aquarium_window_fake, aquarium_window_fake,
          aquarium_window_fake, aquarium_view_2d, aquarium_view_2e,
          aquarium_balcony_1a
D:2:      layout_rooms, nicolae_ecumenical_lake_church, serial_shops,
          nicolae_shop_window_shopping, nicolae_figureground_sparkle
D:3:      layout_rooms, portal_sewer_entry_a, serial_bayou, serial_bayou_pond_e,
          serial_bayou_ford_a, serial_bayou_lagoon_a, serial_bayou_pond_b
D:4:      layout_rooms, gammafunk_ghost_stat_death

Skill      XL: |  1  2  3  4  5 |
---------------+----------------+-----
Fighting       | 1 2 3 |  3.0
Spellcasting   | 2 3 |  3.0
Ice Magic      | 4 5 |  5.0
Dodging        | |  1.8
Stealth        | |  1.8

Action                   |  1- 3 |  4- 6 || total
-------------------------+-------+-------++-------
Melee: Unarmed           |     2 |       ||     2
       Dagger            |     8 |     4 ||    12
 Fire: Sling             |       |   112 ||   112
 Cast: Freeze            |    58 |    62 ||   120
       Ozocubu's Armour  |     2 |     7 ||     9
 Stab: Sleeping          |     6 |       ||     6
Armor: Robe              |    10 |    40 ||    50
Dodge: Dodged            |    45 |    84 ||   129

Table legend: (Time is in decaauts)
 A = Elapsed time spent in this place.
 B = Non-inter-level travel time spent in this place.
 C = Inter-level travel time spent in this place.
 D = Time resting spent in this place.
 E = Time spent auto-exploring this place.
 F = Levels seen in this place.
 G = Mean time per level.
                   A        B        C        D        E       F      G
               +--------+--------+--------+--------+--------+-----+--------+
         Total |   4361 |   3971 |    390 |   1357 |   1472 |   5 |  872.2 |
       Dungeon |   3860 |   3470 |    390 |   1240 |   1412 |   4 |  965.0 |
         Sewer |    501 |    501 |      0 |    117 |     60 |   1 |  501.0 |
               +--------+--------+--------+--------+--------+-----+--------+

Top non-repeatable levels by time:
     D:1: 2575 daAuts
     D:2: 701 daAuts
     D:3: 579 daAuts
   Sewer: 501 daAuts
     D:4: 3 daAuts
